 Dungeon Crawl Stone Soup version 0.32-a0-543-gefe97123c3 (webtiles) character file.

Game seed: 4477496523575336762

50533 GordonOverkill the Reanimator (level 14, -8/10 (80) HPs)
             Began as a Deep Elf Delver on Feb 29, 2024.
             Was an Elder of Sif Muna.
             Mangled by a cyclops (14 damage)
             ... on level 12 of the Dungeon.
             The game lasted 00:42:15 (17491 turns).

GordonOverkill the Reanimator (Deep Elf Delver)    Turns: 17491, Time: 00:42:16

HP:   -8/10 (80)    AC: 12    Str:  9    XL:     14   Next: 20%
MP:   26/30         EV: 18    Int: 38    God:    Sif Muna [****..]
Gold: 734           SH:  0    Dex: 16    Spells: 18/33 levels left

rFire   + . .        u - +5 spear of Upheaval {pain, ^Fragile rC+ Int+4}
rCold   + + .        (no shield)
rNeg    . . .        m - +1 robe "Junogh" {+Blink rPois Will- Int+7}
rPois   +            K - +2 helmet
rElec   .            N - scarf {rC+ rF+}
rCorr   .            B - +2 pair of gloves {infuse}
SInv    .            M - +2 pair of boots
Will    .....        (no amulet)
Stlth   ++++         r - ring "Mozoam" {rPois EV+5 Stlth+}
HPRegen 0.21/turn    b - +6 ring of intelligence
MPRegen 0.22/turn

%: infuse magic (1 MP)
@: extremely drained
A: no striking features
a: Renounce Religion, Evoke Blink, Channel Magic, Forget Spell, Divine Exegesis


You were on level 12 of the Dungeon.
You worshipped Sif Muna.
Sif Muna was greatly pleased with you.
You visited 2 branches of the dungeon, and saw 13 of its levels.
You also visited: Bailey.

You collected 734 gold pieces.

Inventory:

Hand Weapons
 c - the +11 trident "Ynimpeg" {drain, Will- MP+9 Dex+4}
   (You took it off a hobgoblin in a bailey)

   Dex+4:     It affects your dexterity (+4).
   Will-:     It decreases your willpower.
   MP+9:      It affects your magic capacity (+9).
 u - the +5 spear of Upheaval (weapon) {pain, ^Fragile rC+ Int+4}
   (You took it off a kobold on level 2 of the Dungeon)

   Int+4:     It affects your intelligence (+4).
   rC+:       It protects you from cold.
   ^Fragile:  It will be destroyed if unequipped.
Missiles
 h - a curare-tipped dart (quivered)
 y - 6 javelins
Armour
 m - the +1 robe "Junogh" (worn) {+Blink rPois Will- Int+7}
   (You took it off a gnoll in a bailey)

   Int+7:     It affects your intelligence (+7).
   rPois:     It protects you from poison Will-: It decreases your willpower.
   +Blink:    It lets you blink.
 A - a +0 pair of gloves
 B - a +2 pair of gloves of infusion (worn)
 J - +1 steam dragon scales
 K - a +2 helmet (worn)
 M - a +2 pair of boots (worn)
 N - a scarf of resistance (worn)
Magical Staves
 w - a staff of death
Jewellery
 b - a +6 ring of intelligence (right hand)
 r - the ring "Mozoam" (left hand) {rPois EV+5 Stlth+}
   (You acquired it on level 11 of the Dungeon)

   [ring of evasion]

   EV+5:      It affects your evasion (+5).
   rPois:     It protects you from poison Stlth+: It makes you more stealthy.
 t - a ring of protection from cold
 v - a ring of protection from fire
Wands
 g - a wand of digging (2)
 j - a wand of flame (1)
 x - a wand of paralysis (5)
Scrolls
 l - 6 scrolls of teleportation
 o - 2 scrolls of silence
 s - a scroll of blinking
 z - a scroll of fear
 D - 2 scrolls of enchant weapon
 E - a scroll of immolation
 G - a scroll of poison
 H - 2 scrolls of summoning
 I - 2 scrolls of vulnerability
 L - 2 scrolls of identify
 O - a scroll of enchant armour
Potions
 a - a potion of heal wounds
 e - 4 potions of enlightenment
 f - a potion of haste
 i - a potion of attraction
 k - 3 potions of lignification
 n - 4 potions of curing
 p - 3 potions of brilliance
 C - 4 potions of mutation
 F - 2 potions of ambrosia


   Skills:
 - Level 6.0 Fighting
 - Level 2.0 Polearms
 - Level 1.0 Throwing
 - Level 3.0 Dodging
 - Level 6.0 Stealth
 - Level 10.0 Spellcasting
 - Level 8.5 Conjurations
 + Level 10.3 Summonings
 - Level 12.0 Necromancy
 + Level 10.3 Translocations
 - Level 8.9 Earth Magic
 - Level 4.0 Invocations
 - Level 2.0 Evocations


You had 18 spell levels left.
You knew the following spells:

 Your Spells              Type           Power      Damage    Failure   Level
a - Kiss of Death         Conj/Necr      100%       2d13      1%          1
b - Dispel Undead         Necr           83%        3d27      1%          4
c - Malign Gateway        Summ/Tloc      39%        N/A       24%         7
d - Stone Arrow           Conj/Erth      100%       3d13      1%          3

Your spell library contained the following spells:

 Spells                   Type           Power      Damage    Failure   Level
 Animate Armour           Summ/Erth      100%       N/A       1%          4
 Passage of Golubria      Tloc           78%        N/A       1%          4
 Jinxbite                 Hex            38%        N/A       3%          2
 Confusing Touch          Hex            19%        N/A       6%          3
 Silence                  Hex/Air        9%         N/A       50%         5
 Yara's Violent Unravell  Hex/Alch       9%         3d6       50%         5
 Summon Horrible Things   Summ           39%        N/A       88%         8
 Lehudib's Crystal Spear  Conj/Erth      35%        10d9      98%         8
 Enfeeble                 Hex            9%         N/A       100%        7


Dungeon Overview and Level Annotations

Branches:
Dungeon (12/15)            Temple (1/1) D:5            Lair (0/5) D:9
    Orc (0/2) D:11         Bailey (visited)

Altars:
Ashenzari
Cheibriados
Dithmenos
Elyvilon
Fedhas
Gozag
Hepliaklqana
Kikubaaqudgha
Makhleb
Nemelex Xobeh
Okawaru
Qazlal
Ru
Sif Muna
Trog
Uskayaw
Vehumet
Wu Jian
Xom
Yredelemnul
Zin
The Shining One

Annotations:
D:4 2 transporters, anet's ghost, amateur GrCj
D:5 Edmund


Message History

Search for what [Enter for "."]? .
Unknown command.
Unknown command.
Things that are here:
a +0 troll leather armour; a troll skeleton
There is a stone staircase leading down here.
You climb downwards.
Found a scroll of blinking.
There is a stone staircase leading up here.
A cyclops is nearby!
The helpless cyclops fails to defend itself.
You hit the cyclops but do no damage. You hit the cyclops.
The cyclops writhes in agony!
The cyclops is moderately wounded.
The cyclops closely misses you.
You barely miss the cyclops.
The cyclops is moderately wounded.
The cyclops hits you!!
Ouch! That really hurt!
* * * LOW HITPOINT WARNING * * *
You puncture the cyclops!
The cyclops writhes in agony.
The cyclops is moderately wounded.
Cast which spell? (? or * to list)
Aiming: Kiss of Death (safe; 1% risk of failure)
Press: ? - help, Shift-Dir - straight line, f - cyclops
Aim: a cyclops, quivering large rocks (moderately wounded, 100% to hit)
The fragment of death hits the cyclops.
The cyclops is drained!
The cyclops is heavily wounded.
You feel drained. The cyclops hits you!
* * * LOW HITPOINT WARNING * * *
Casting: Kiss of Death (safe; 1% risk of failure)
Confirm with . or Enter, or press ? or * to list all spells.
Aiming: Kiss of Death (safe; 1% risk of failure)
Press: ? - help, Shift-Dir - straight line, f/p - cyclops
Aim: a cyclops, quivering large rocks (heavily wounded, lightly drained, 100% to hit)
The fragment of death hits the cyclops.
The cyclops is drained!
The cyclops is severely wounded.
You feel drained. The cyclops hits you!
Ouch! That really hurt!
You die...

..# ######..###
. #......... ..
#........ ..?
#....... ....
###...... .....
........#......
#.@.......
#.C.......
#..#......
...#......
.###. ..... ..
. ##### .. #
...


You could see a cyclops (drained).

Vanquished Creatures
  An orc warlord (Bailey)
  A hydra (D:10)
  Erica (D:8)
  2 two-headed ogres
  An orc knight (Bailey)
  5 cyclopes
  A gargoyle (D:11)
  2 unseen horrors (D:11)
  A kobold demonologist (D:11)
  4 trolls
  2 blink frogs (D:9)
  Sigmund (D:5)
  3 shadows (D:11)
  A wraith (D:10)
  20 yaks
  3 wyverns
  Grum (D:8)
  5 vampire mosquitoes (D:11)
  A steam dragon (D:8)
  3 acid dragons
  6 water moccasins
  3 ice beasts
  15 orc warriors
  2 black bears
  A sky beast (D:7)
  An ogre (D:6)
  3 wolves
  2 centaurs
  A phantom (D:5)
  2 bullfrogs
  5 kobold brigands
  A gnoll sergeant (D:9)
  A scorpion (D:7)
  5 wights (D:8)
  A burial acolyte (D:7)
  8 killer bees (D:9)
  5 howler monkeys (D:11)
  A bombardier beetle (D:5)
  4 hounds
  A gnoll bouda (D:7)
  An orc priest (D:7)
  5 jellies
  8 orc wizards
  2 sleepcaps (D:6)
  3 iguanas (D:9)
  16 gnolls
  5 adders
  A howler monkey simulacrum (D:11)
  2 adder zombies (D:7)
  4 ribbon worms
  6 dart slugs
  28 orcs
  7 bats
  6 endoplasms
  4 giant cockroaches
  24 goblins
  18 hobgoblins
  5 jackals
  6 quokkas
  2 ball pythons
  2 frilled lizards
  3 jackal zombies (D:7)
  30 kobolds
  7 rats (D:1)
322 creatures vanquished.

Notes
Turn   | Place    | Note
-------+----------+-------------------------------------------
     0 | D:5      | GordonOverkill the Deep Elf Delver began the quest for the
                  | Orb.
     0 | D:5      | Reached XP level 1. HP: 13/13 MP: 3/3
    46 | D:7      | Noticed a bullfrog
    94 | D:5      | Noticed a water moccasin
   166 | D:5      | Noticed a hound
   578 | D:4      | Found a transporter.
   579 | D:4      | Identified the +7 dire flail of Eternal Harmony {drain,
                  | rCorr Dex+3}
   579 | D:4      | Noticed an ogre
   579 | D:4      | Noticed anet's ghost (amateur GrCj)
   580 | D:4      | Found a transporter.
   582 | D:4      | Noticed an ogre
   758 | D:4      | Reached XP level 2. HP: 19/19 MP: 4/4
   857 | D:5      | Noticed a bombardier beetle
   888 | D:4      | Noticed an ogre
   933 | D:3      | Reached skill level 1 in Spellcasting
  1383 | D:1      | Reached XP level 3. HP: 23/23 MP: 8/8
  1784 | D:2      | Reached skill level 1 in Conjurations
  2280 | D:2      | Reached XP level 4. HP: 23/28 MP: 10/10
  2346 | D:3      | Found a burning altar of Makhleb.
  2555 | D:2      | Identified the +5 spear of Upheaval {pain, ^Fragile rC+
                  | Int+4}
  2789 | D:2      | Learned a level 1 spell: Kiss of Death
  2990 | D:3      | Reached skill level 1 in Necromancy
  3126 | D:3      | Found a faded altar of an unknown god.
  3210 | D:3      | Found a bloodstained altar of Trog.
  3232 | D:3      | Reached skill level 2 in Necromancy
  3435 | D:3      | Identified the +4 chain mail of the Orcish Mines {rPois
                  | rC+++ Will- Str+2}
  3479 | D:3      | Noticed a black bear
  3487 | D:3      | Killed a black bear
  3488 | D:3      | Reached skill level 4 in Necromancy
  3488 | D:3      | Reached XP level 5. HP: 21/32 MP: 8/11
  3493 | D:3      | Learned a level 4 spell: Dispel Undead
  3761 | D:3      | Noticed an Executioner
  3764 | D:3      | Noticed a smoke demon
  3764 | D:3      | Noticed a neqoxec
  4523 | D:4      | Reached skill level 5 in Necromancy
  4523 | D:4      | Reached XP level 6. HP: 25/33 MP: 9/12
  4994 | D:5      | Reached skill level 6 in Necromancy
  5012 | D:5      | Noticed an ice beast
  5034 | D:4      | Killed an ice beast
  5035 | D:4      | Reached skill level 1 in Throwing
  5094 | D:5      | Noticed Sigmund
  5107 | D:4      | Reached XP level 7. HP: 9/35 MP: 13/13
  5277 | D:5      | Reached skill level 7 in Necromancy
  5579 | D:5      | Killed Sigmund
  5761 | D:5      | Reached skill level 5 in Spellcasting
  5804 | D:5      | Noticed Edmund
  5817 | D:4      | Reached skill level 1 in Translocations
  5986 | D:5      | Found a staircase to the Ecumenical Temple.
  5993 | D:5      | Reached XP level 8. HP: 48/48 MP: 17/17
  6006 | Temple   | Entered the Ecumenical Temple
  6038 | Temple   | Became a worshipper of Sif Muna the Loreminder
  6081 | D:5      | Reached skill level 1 in Summonings
  6298 | D:6      | Reached skill level 1 in Invocations
  7019 | D:7      | Reached skill level 8 in Necromancy
  7089 | D:7      | Reached XP level 9. HP: 43/52 MP: 14/18
  7226 | D:7      | Reached skill level 9 in Necromancy
  7254 | D:7      | Reached * piety under Sif Muna
  7531 | D:7      | Reached skill level 10 in Necromancy
  7630 | D:7      | Found an ancient bone altar of Kikubaaqudgha.
  7810 | D:8      | Noticed Grum
  7823 | D:8      | Reached skill level 5 in Translocations
  8109 | D:8      | Killed Grum
  8449 | D:8      | Reached skill level 5 in Summonings
  8540 | D:8      | Noticed a cyclops
  8570 | D:8      | Killed a cyclops
  8707 | D:8      | Reached ** piety under Sif Muna
  8891 | D:8      | Noticed Erica
  8898 | D:8      | Killed Erica
  8899 | D:8      | Reached XP level 10. HP: 27/50 MP: 17/23
  9315 | D:8      | Found a snail-covered altar of Cheibriados.
  9315 | D:8      | Found an ornate altar of the Wu Jian Council.
  9315 | D:8      | Found a shimmering altar of Xom.
  9315 | D:8      | Found a glowing silver altar of Zin.
  9507 | D:8      | Found a broken altar of Ashenzari.
  9507 | D:8      | Found a radiant altar of Vehumet.
  9541 | D:8      | Found a hazy altar of Hepliaklqana.
  9541 | D:8      | Found a stormy altar of Qazlal.
  9541 | D:8      | Found a blossoming altar of Fedhas.
  9740 | D:9      | Found a staircase to the Lair.
  9785 | D:9      | Reached skill level 5 in Fighting
 10469 | D:9      | Found a sparkling altar of Nemelex Xobeh.
 10715 | D:9      | Reached skill level 11 in Necromancy
 11013 | D:9      | Noticed a two-headed ogre
 11018 | D:9      | Killed a two-headed ogre
 11019 | D:9      | Reached skill level 12 in Necromancy
 11248 | D:9      | Identified the +5 great mace of Duthin {holy, Int+5}
 11574 | D:10     | Entered Level 10 of the Dungeon
 11577 | D:10     | Noticed an eight-headed hydra
 11587 | D:10     | Killed an eight-headed hydra
 11588 | D:10     | Reached XP level 11. HP: 22/55 MP: 21/26
 11714 | D:10     | Noticed a two-headed ogre
 11924 | D:10     | Found a flagged portal.
 11939 | Bailey   | Entered a bailey
 12004 | Bailey   | Reached *** piety under Sif Muna
 12388 | Bailey   | Reached skill level 10 in Spellcasting
 12480 | Bailey   | Identified the +11 trident "Ynimpeg" {drain, Will- MP+9
                  | Dex+4}
 12647 | Bailey   | Noticed an orc knight
 12700 | Bailey   | Killed an orc knight
 12804 | Bailey   | Identified the +1 robe "Junogh" {+Blink rPois Will- Int+7}
 12830 | Bailey   | Noticed an orc warlord
 12849 | Bailey   | Killed an orc warlord
 12853 | Bailey   | Reached **** piety under Sif Muna
 13104 | Bailey   | Learned a level 7 spell: Malign Gateway
 13846 | D:10     | Killed a two-headed ogre
 13847 | D:10     | Reached skill level 10 in Summonings
 14262 | D:11     | Found a white marble altar of Elyvilon.
 15188 | D:11     | Found a staircase to the Orcish Mines.
 15245 | D:11     | Reached XP level 12. HP: 38/70 MP: 15/28
 16348 | D:11     | Identified a scroll of acquirement
 16350 | D:11     | Acquired the ring "Mozoam" {rPois EV+5 Stlth+}
 16354 | D:11     | Reached XP level 13. HP: 58/58 MP: 29/29
 16355 | D:11     | Reached XP level 14. HP: 64/64 MP: 30/30
 16395 | D:11     | Reached skill level 10 in Translocations
 17317 | D:11     | Learned a level 3 spell: Stone Arrow
 17322 | D:11     | Learned a level 4 spell: Passage of Golubria
 17491 | D:12     | Mangled by a cyclops

Illustrated notes

Levels and vault maps discovered:
D:1:      eino_arrival_water_cross, layout_loops_ring, serial_park_tiny_pond,
          minmay_distorted
D:2:      layout_loops_cross
D:3:      layout_loops_cross, trog_three_pillars_becter,
          makhleb_altar_promises_db,
          dreamdust_ecumenical_altar_angels_and_demons, serial_co_window_serial,
          co_window_paths_a, co_window_paths_a, co_window_of_opportunity_a,
          co_window_of_opportunity_a, co_window_corner_a, co_window_2corner,
          co_window_unsneaky_path_b, co_window_cross_2, co_window_cross_2,
          co_window_cross_3, co_window_corner_cb, co_window_of_opportunity_b,
          co_window_paths_d, glass_columns_b, glass_columns_a, glass_columns_b,
          glass_columns_a, glass_columns_b, nrook_mini_vaults
D:4:      cheibrodos_thug_alley, layout_basic, gammafunk_ghost_smash
D:5:      nicolae_cairo_tiling_large_dashed, layout_rooms,
          minmay_temple_entry_junction, mainiacjoe_ossuary_entry_dusty_tomb,
          uniq_pikel, uniq_edmund, uniq_sigmund
D:6:      layout_basic, hangedman_decor_riveting
D:7:      layout_basic, lemuel_zombie_altar_kikubaaqudgha
D:8:      layout_loops_corners, nicolae_overflows_in_rows, minivault_25,
          uniq_grum, uniq_erica
D:9:      layout_long_grid, nemelex_spade_bored_becter, dpeg_lair_monsters,
          nicolae_straight_to_the_point
D:10:     layout_roguey, enter_bailey_5, palyth_stone_intersect,
          kennysheep_crisscross
D:11:     kennysheep_windowed_halls, layout_basic, david_orc_2, serial_rivers,
          chequers_serial_rivers_micro_c, chequers_serial_rivers_micro_d,
          chequers_serial_rivers_small_3, chequers_serial_rivers_large_b,
          chequers_serial_rivers_room_a, elyvilon_altar_5
D:12:     minmay_razor_zed, layout_rooms, minivault_16, nicolae_sextant,
          serial_park_tiny_1, minmay_shop_enchanted_jewellery, uniq_erolcha
Temple:   kb_temple_of_zot

Skill      XL: |  1  2  3  4  5  6  7  8  9 10 11 12 13 14 |
---------------+-------------------------------------------+-----
Fighting       | 3 4 6 |  6.0
Spellcasting   | 2 3 5 7 9 10 | 10.0
Conjurations   | 2 3 8 |  8.5
Necromancy     | 4 5 6 7 8 10 12 | 12.0
Throwing       | 1 |  1.0
Polearms       | 2 |  2.0
Translocations | 3 6 8 9 10 | 10.3
Summonings     | 3 6 10 | 10.3
Invocations    | 4 |  4.0
Evocations     | 2 |  2.0
Dodging        | 3 |  3.0
Earth Magic    | 8 |  8.9
Stealth        | |  6.0

Action                     |  1- 3 |  4- 6 |  7- 9 | 10-12 | 13-15 || total
---------------------------+-------+-------+-------+-------+-------++-------
  Melee: Spear             |   204 |   140 |   211 |   481 |    52 ||  1088
  Throw: Javelin           |     2 |     6 |     7 |     6 |       ||    21
         Dart              |       |     3 |       |     2 |       ||     5
         Throwing net      |       |       |       |     1 |       ||     1
   Cast: Kiss of Death     |       |     7 |     9 |    12 |     6 ||    34
         Dispel Undead     |       |       |       |     9 |     2 ||    11
         Passage of Golubr |       |       |       |       |     2 ||     2
  Evoke: Wand              |       |       |       |    19 |       ||    19
    Use: Scroll            |       |     6 |     5 |    18 |     1 ||    30
         Potion            |       |       |     1 |     4 |     2 ||     7
   Stab: Sleeping          |    12 |     5 |     8 |     5 |     4 ||    34
         Paralysed         |       |       |       |    43 |       ||    43
         Distracted        |       |       |       |     1 |     1 ||     2
         Held in net/web   |       |       |       |     1 |       ||     1
 Armour: Leather armour    |    81 |    65 |   107 |       |       ||   253
         Steam dragon scal |       |       |    15 |   123 |       ||   138
         Robe              |       |       |       |   127 |    36 ||   163
  Dodge: Dodged            |   103 |    81 |   103 |   202 |    32 ||   521

Table legend: (Time is in decaauts)
 A = Elapsed time spent in this place.
 B = Non-inter-level travel time spent in this place.
 C = Inter-level travel time spent in this place.
 D = Time resting spent in this place.
 E = Time spent auto-exploring this place.
 F = Levels seen in this place.
 G = Mean time per level.
                   A        B        C        D        E       F      G
               +--------+--------+--------+--------+--------+-----+--------+
         Total |  17569 |  16587 |    982 |   5651 |   6611 |  14 | 1254.9 |
       Dungeon |  16328 |  15400 |    928 |   5135 |   6380 |  12 | 1360.7 |
        Temple |     62 |      8 |     54 |      0 |      0 |   1 |   62.0 |
        Bailey |   1178 |   1178 |      0 |    516 |    231 |   1 | 1178.0 |
               +--------+--------+--------+--------+--------+-----+--------+

Top non-repeatable levels by time:
    D:11: 3253 daAuts
     D:9: 2165 daAuts
     D:4: 2071 daAuts
     D:8: 1716 daAuts
     D:3: 1365 daAuts
     D:7: 1229 daAuts
    D:10: 1196 daAuts
     D:2: 1188 daAuts
  Bailey: 1178 daAuts
     D:1: 744 daAuts
     D:5: 703 daAuts
     D:6: 687 daAuts
  Temple: 62 daAuts
    D:12: 5 daAuts
